 Dungeon Crawl Stone Soup version 0.20-a0-386-g2d247ea (webtiles) character file.

533 Kurtz the Chopper (level 7, 0/68 HPs)
             Began as a Naga Monk on Dec 30, 2016.
             Was a Believer of Okawaru.
             Slain by a two-headed ogre
             ... wielding a +0 giant club
              (6 damage)
             ... on level 6 of the Dungeon.
             The game lasted 00:08:29 (5857 turns).

Kurtz the Chopper (Naga Monk)                       Turns: 5857, Time: 00:08:31

Health: 0/68       AC:  9    Str: 15    XL:     7   Next: 24%
Magic:  7/7        EV:  9    Int: 10    God:    Okawaru [**....]
Gold:   239        SH:  0    Dex: 14    Spells: 6/6 levels left

rFire  . . .     SeeInvis +     w - +0 war axe
rCold  . . .     Gourm    .     g - +2 ring mail {rPois}
rNeg   . . .     Faith    .     (no shield)
rPois  +         Spirit   .     C - +0 helmet
rElec  .         Reflect  .     (no cloak)
rCorr  .         Harm     .     y - +0 pair of gloves
MR     +....                    (no barding)
Stlth  ++........               (no amulet)
                                (no ring)
                                f - ring of protection from magic

@: short of breath, very slow
A: see invisible, deformed body, poison resistance, slowness 2, slow metabolism
1, spit poison 1, AC +2
a: Spit Poison, Heroism, Renounce Religion


You were on level 6 of the Dungeon.
You worshipped Okawaru.
Okawaru was pleased with you.
You were not hungry.

You visited 2 branches of the dungeon, and saw 7 of its levels.
You also visited: Sewer.

You collected 239 gold pieces.

Inventory:

Hand Weapons
 a - a +0 hand axe
 w - a +0 war axe (weapon)
Missiles
 r - 5 tomahawks (quivered)
Armour
 b - a +0 robe
 e - a +0 ring mail
 g - a +2 ring mail of poison resistance (worn)
 y - a +0 pair of gloves (worn)
 C - a +0 helmet (worn)
Jewellery
 f - a ring of protection from magic (left hand)
Wands
 F - a wand of flame (14/48)
Scrolls
 d - 2 scrolls of magic mapping
 i - 2 scrolls of random uselessness {unknown}
 k - 4 scrolls of fog
 n - 4 scrolls of remove curse
 o - a scroll of fear {unknown}
 p - 2 scrolls of blinking {unknown}
 q - 2 scrolls of recharging
 v - 2 scrolls of teleportation {unknown}
 H - a scroll of immolation {unknown}
Potions
 h - 5 potions of heal wounds
 l - 2 potions of flight
 s - 3 potions of might
 t - 4 potions of haste {unknown}
 u - a potion of magic {unknown}
 z - 2 potions of ambrosia
 A - a potion of degeneration {unknown}
 B - a potion of agility
 G - a potion of berserk rage {unknown}
 I - a potion of curing
Comestibles
 c - 3 bread rations
 m - 3 meat rations
 D - 3 beef jerkies
 E - a slice of pizza


   Skills:
 + Level 5.6 Fighting
 * Level 6.2 Axes
 * Level 1.0 Armour
 - Level 2.4 Dodging
 - Level 3.0 Stealth


You had 6 spell levels left.
You didn't know any spells.

Dungeon Overview and Level Annotations

Branches:
Dungeon (6/15)             Temple (1/1) D:5

Altars:
Dithmenos
Elyvilon
Gozag
Hepliaklqana
Makhleb
Nemelex Xobeh
Okawaru
Qazlal
Ru
Sif Muna
Trog
Vehumet
Xom
Yredelemnul
Zin
The Shining One


Innate Abilities, Weirdness & Mutations

You cannot wear boots.
Your serpentine skin is tough. (AC +2)
You have supernaturally acute eyesight. (SInv)
Armour fits poorly on your strangely shaped body.
Your system is resistant to poisons. (rPois)
You cover ground very slowly.
You have a slow metabolism.
You can spit poison.


Message History

Aim: a two-headed ogre, wielding two giant clubs (almost dead)
The splash of poison hits the two-headed ogre.
The two-headed ogre is poisoned.
The two-headed ogre is almost dead.
You feel slightly more hungry.
You closely miss the two-headed ogre.
The two-headed ogre is almost dead.
The two-headed ogre barely misses you.
The two-headed ogre hits you with a giant club!
You hit the two-headed ogre but do no damage.
The two-headed ogre is almost dead.
The two-headed ogre barely misses you.
The two-headed ogre hits you with a giant club!
You closely miss the two-headed ogre.
The two-headed ogre is almost dead.
The two-headed ogre looks more healthy.
The two-headed ogre hits you with a giant club!!
* * * LOW HITPOINT WARNING * * *
The two-headed ogre hits you with a giant club.
You die...

# #.#(#.#
##.##.#.#.#
#......<..#
####..##.######
................
####..#.####...#
#. #..# .#
.###..##.###...#
........@O......
.....#........##
..# #.##..##.#
#. ...# # #.
#..# #. #.# #.
.# #. .#


You could see a two-headed ogre.

Vanquished Creatures
  2 bullfrogs (Sewer)
  A howler monkey (D:5)
  2 bullfrog skeletons (D:5)
  Natasha (D:3)
  2 worker ants
  6 river rats (Sewer)
  8 adders
  An ooze (Sewer)
  3 worms
  2 dart slugs
  2 leopard geckos
  An orc (D:3)
  4 giant cockroaches
  8 goblins
  6 hobgoblins
  A jackal (D:5)
  7 kobolds
  2 quokkas
  14 ball pythons
  4 bats
  5 frilled lizards
  A quokka skeleton (D:5)
  26 rats
109 creatures vanquished.

Notes
Turn   | Place    | Note
-------+----------+-------------------------------------------
     0 | D:1      | Kurtz the Naga Monk began the quest for the Orb.
     0 | D:1      | Reached XP level 1. HP: 21/21 MP: 1/1
     2 | D:1      | Noticed a human
     2 | D:1      | Noticed a centaur
     4 | D:1      | Noticed a ghoul
     4 | D:1      | Noticed an ogre
     6 | D:1      | Noticed a draconian
     6 | D:1      | Noticed a demigod
     8 | D:1      | Noticed a tengu
     8 | D:1      | Noticed a formicid
    10 | D:1      | Noticed a halfling
    10 | D:1      | Noticed a minotaur
    13 | D:1      | Noticed a gargoyle
    13 | D:1      | Noticed a vine stalker
    15 | D:1      | Noticed a merfolk
    17 | D:1      | Noticed a vampire
    19 | D:1      | Noticed a naga
    19 | D:1      | Noticed a felid
    21 | D:1      | Noticed a troll
    23 | D:1      | Noticed an octopode
    25 | D:1      | Noticed a spriggan
    25 | D:1      | Noticed a dwarf
    27 | D:1      | Noticed a demonspawn
    27 | D:1      | Noticed an elf
   466 | D:1      | Reached XP level 2. HP: 28/28 MP: 2/2
  1060 | D:2      | Reached XP level 3. HP: 27/34 MP: 3/3
  1612 | D:3      | Reached skill level 4 in Axes
  1612 | D:3      | Reached XP level 4. HP: 10/44 MP: 4/4
  1761 | D:3      | Found a glowing drain.
  1837 | Sewer    | Entered a sewer
  2295 | Sewer    | Reached XP level 5. HP: 43/51 MP: 5/5
  2872 | Sewer    | Reached skill level 5 in Fighting
  2872 | Sewer    | Reached skill level 5 in Axes
  2872 | Sewer    | Reached XP level 6. HP: 50/61 MP: 6/6
  3121 | D:3      | Found a deep blue altar of Sif Muna.
  3534 | D:3      | Noticed Natasha
  3543 | D:3      | Killed Natasha
  4728 | D:5      | Entered Level 5 of the Dungeon
  4800 | D:5      | Found a staircase to the Ecumenical Temple.
  5110 | Temple   | Entered the Ecumenical Temple
  5168 | Temple   | Became a worshipper of Warmaster Okawaru
  5168 | Temple   | Reached * piety under Okawaru
  5168 | Temple   | Reached ** piety under Okawaru
  5299 | D:5      | Reached XP level 7. HP: 67/67 MP: 7/7
  5554 | D:5      | Reached skill level 6 in Axes
  5736 | D:5      | Reached skill level 1 in Armour
  5842 | D:6      | Noticed a two-headed ogre
  5857 | D:6      | Slain by a two-headed ogre

Vault maps used:
D:1:      kb_arrival_jail
D:3:      lemuel_doored_altar, serial_glass, glass_columns_a, glass_columns_a,
          glass_columns_b, glass_columns_a, glass_columns_a, glass_columns_a,
          glass_columns_a, glass_columns_a, glass_columns_a, glass_columns_c,
          glass_columns_a, glass_columns_a, glass_columns_b, glass_columns_a,
          first_bread, portal_sewer_entry_d, uniq_natasha
D:4:      wad_pebble_path
Temple:   kb_temple_of_zot
Sewer:    sewer_minmay_w

Skill      XL: |  1  2  3  4  5  6  7 |
---------------+----------------------+-----
Fighting       | 4 5 |  5.6
Axes           | 4 5 6 |  6.2
Armour         | 1 |  1.0
Dodging        | |  2.4
Stealth        | |  3.0

Action                   |  1- 3 |  4- 6 |  7- 9 || total
-------------------------+-------+-------+-------++-------
Melee: Hand axe          |   110 |   131 |       ||   241
       War axe           |       |    78 |    32 ||   110
Throw: Throwing net      |       |       |     1 ||     1
 Abil: Spit Poison       |     3 |    18 |     2 ||    23
Evoke: Wand              |       |       |     4 ||     4
  Use: Potion            |     1 |     3 |       ||     4
       Scroll            |     1 |     6 |       ||     7
 Stab: Sleeping          |     1 |     2 |     1 ||     4
  Eat: Chunk             |     1 |     9 |     2 ||    12
       Royal jelly       |       |     1 |       ||     1
Armor: Ring mail         |    46 |   146 |     8 ||   200
Dodge: Dodged            |    78 |   171 |    18 ||   267
